 Dungeon Crawl Stone Soup version 0.27-a0-1066-g29160eaed2 (webtiles) character file.

Game seed: 12074122673931324670

980 LordDeathwing the Slasher (level 8, -1/48 HPs)
             Began as a Tengu Berserker on Apr 24, 2021.
             Was a Priest of Trog.
             Slain by an iguana (6 damage)
             ... on level 4 of the Dungeon.
             The game lasted 00:17:44 (4101 turns).

LordDeathwing the Slasher (Tengu Berserker)         Turns: 4101, Time: 00:17:44

Health: -1/48      AC:  9    Str: 20    XL:     8   Next: 17%
Magic:  9/9        EV: 11    Int:  8    God:    Trog [***...]
Gold:   175        SH:  0    Dex: 13    Spells: 7/7 levels left

rFire    . . .     SeeInvis .   s - +0 long sword
rCold    . . .     Faith    .   (no shield)
rNeg     . . .     Spirit   .   a - +0 chain mail
rPois    .         Reflect  .   (helmet restricted)
rElec    .         Harm     .   (no cloak)
rCorr    +         Rampage  .   (no gloves)
Will     .....                  (boots unavailable)
Stlth    ..........             f - amulet of the acrobat
HPRegen  0.16/turn              l - ring of resist corrosion
MPRegen  0.11/turn              (no ring)

@: on berserk cooldown, flying quickly and evasively, slowed, very slow
A: beak, talons 3, nimble flight
a: Renounce Religion, Berserk, Trog's Hand


You were on level 4 of the Dungeon.
You worshipped Trog.
Trog was most pleased with you.
You visited 1 branch of the dungeon, and saw 4 of its levels.
You also visited: Sewer.

You collected 175 gold pieces.

Inventory:

Hand Weapons
 s - a +0 long sword (weapon)
Armour
 a - a +0 chain mail (worn)
Jewellery
 f - an amulet of the acrobat (around neck)
 l - a ring of resist corrosion (left hand)
Wands
 n - a wand of flame (15)
Scrolls
 c - a scroll of noise {unknown}
 d - 4 scrolls of amnesia {unknown}
 e - a scroll of silence {unknown}
 g - a scroll of teleportation {unknown}
 h - a scroll of blinking {unknown}
 i - a scroll of vulnerability {unknown}
 j - a scroll of immolation {unknown}
 m - a scroll of enchant weapon {unknown}
 q - a scroll of fog {unknown}
 r - 2 scrolls of magic mapping {unknown}
Potions
 b - 3 potions of curing {unknown}
 k - a potion of attraction {unknown}
 o - a potion of heal wounds {unknown}
 p - 2 potions of flight {unknown}


   Skills:
 + Level 4.5 Fighting
 * Level 6.5 Long Blades
 + Level 4.4 Armour
 + Level 5.3 Dodging
 + Level 3.5 Stealth


You had 7 spell levels left.
You didn't know any spells.
Your spell library was empty.

Dungeon Overview and Level Annotations

Branches:
Dungeon (4/15)              Sewer (visited)
 Temple: D:4-7

Altars:

Annotations:
D:4 2 runed translucent doors, PirateVox's ghost, amateur GnVM


Innate Abilities, Weirdness & Mutations

You have a beak for a mouth.
You have claws for feet.
Your magical nature lets you fly swiftly and evasively.


Message History

You closely miss the iguana. You peck the iguana.
The iguana is heavily wounded.
The iguana bites you.
You barely miss the iguana. Your peck misses the iguana.
The iguana is heavily wounded.
The iguana bites you!
You closely miss the iguana. Your kick misses the iguana.
The iguana is heavily wounded.
The iguana bites you! The iguana closely misses you.
You closely miss the iguana.
The iguana is heavily wounded.
The iguana bites you.
You barely miss the iguana. Your peck misses the iguana.
The iguana is moderately wounded.
The endoplasm hits you but does no damage.
The iguana bites you.
* * * LOW HITPOINT WARNING * * *
A red film seems to cover your vision as you go berserk!
You feel yourself moving faster!
You feel mighty!
The endoplasm hits you but does no damage.
The iguana bites you!
* * * LOW HITPOINT WARNING * * *
You feel a strong urge to attack something.
The endoplasm completely misses you.
There is an open door here.
You feel your anger nearly subside.
You are no longer berserk.
You are exhausted.
You feel yourself slow down.
The endoplasm jiggles.
The endoplasm completely misses you.
You slash the endoplasm!
You kill the endoplasm!
Trog accepts your kill.
You barely miss the iguana. You peck the iguana.
The iguana is heavily wounded.
The iguana bites you.
* * * LOW HITPOINT WARNING * * *
The iguana bites you.
You die...

.............# #.##...
.........†...# #####..#...
.............######..........
+####..................[.........
...............................##
...............................##
...................[...........##
......###########..............##
......'........l@<.............''
......##############...........##
....... #............# ........
####.......... #####....
#.......... #..... #..........
#...".. #########.. #......# #..
#..


You could see an iguana.

Vanquished Creatures
  Grinder (D:3)
  Menkaure (D:4)
  Duvessa (D:4)
  An orc warrior (D:3)
  A necrophage (D:4)
  A kobold brigand (Sewer)
  Dowan (D:4)
  An orc priest (D:3)
  6 adders
  3 gnolls (D:2)
  4 river rats
  An ufetubus (D:4)
  2 dart slugs
  4 orcs
  9 ball pythons
  6 endoplasms
  9 giant cockroaches
  6 hobgoblins
  15 jackals
  11 kobolds
  2 quokkas
  4 bats
  2 frilled lizards (D:2)
  8 goblins
  10 rats
110 creatures vanquished.

Notes
Turn   | Place    | Note
-------+----------+-------------------------------------------
     0 | D:1      | LordDeathwing the Tengu Berserker began the quest for the
                  | Orb.
     0 | D:1      | Reached XP level 1. HP: 14/14 MP: 2/2
   110 | D:1      | Reached XP level 2. HP: 19/19 MP: 3/3
   389 | D:1      | Reached XP level 3. HP: 23/23 MP: 4/4
   519 | D:1      | Reached ** piety under Trog
  1047 | D:2      | Reached skill level 4 in Long Blades
  1047 | D:2      | Reached skill level 1 in Stealth
  1047 | D:2      | Reached XP level 4. HP: 24/28 MP: 5/5
  1464 | D:2      | Gained mutation: Your magical nature lets you fly swiftly
                  | and evasively. [Tengu growth]
  1464 | D:2      | Reached XP level 5. HP: 32/32 MP: 6/6
  1942 | D:3      | Noticed an orc warrior
  1951 | D:3      | Killed an orc warrior
  1951 | D:3      | Reached *** piety under Trog
  1952 | D:3      | Reached XP level 6. HP: 35/37 MP: 7/7
  1969 | D:3      | Found a glowing drain.
  1984 | D:3      | Reached skill level 5 in Long Blades
  1989 | Sewer    | Entered a sewer
  2789 | Sewer    | Found a white marble altar of Elyvilon.
  2874 | D:3      | Noticed Grinder
  2890 | D:3      | Killed Grinder
  2891 | D:3      | Reached XP level 7. HP: 36/43 MP: 8/8
  3284 | D:4      | Noticed Duvessa
  3284 | D:4      | Noticed Dowan
  3290 | D:4      | Killed Duvessa
  3291 | D:4      | Reached skill level 5 in Dodging
  3293 | D:4      | Killed Dowan
  3294 | D:4      | Reached skill level 6 in Long Blades
  3461 | D:4      | Noticed Menkaure
  3734 | D:4      | Reached XP level 8. HP: 46/48 MP: 9/9
  3736 | D:4      | Killed Menkaure
  3879 | D:4      | Found a large runed translucent door.
  3879 | D:4      | Found a large runed translucent door.
  3883 | D:4      | Noticed PirateVox's ghost (amateur GnVM)
  4101 | D:4      | Slain by an iguana

Illustrated notes

Levels and vault maps discovered:
D:1:      minmay_arrival_nine_rooms, layout_loops_ring
D:2:      layout_basic
D:3:      layout_loops_ring, portal_sewer_entry_a, uniq_grinder
D:4:      layout_basic, ebering_ghost_disaster_area, hex_tiny, uniq_duvessa,
          uniq_menkaure

Skill      XL: |  1  2  3  4  5  6  7 |
---------------+----------------------+-----
Dodging        | 3 4 5 |  5.3
Long Blades    | 4 5 6 |  6.5
Stealth        | 1 2 3 |  3.5
Armour         | 3 4 |  4.4
Fighting       | 4 |  4.5

Action                   |  1- 3 |  4- 6 |  7- 9 || total
-------------------------+-------+-------+-------++-------
Melee: Falchion          |    75 |   122 |       ||   197
       Kick              |    23 |    46 |    10 ||    79
       Peck              |    11 |    18 |     6 ||    35
       Long sword        |       |       |    33 ||    33
Invok: Berserk           |     1 |     2 |     3 ||     6
       Trog's Hand       |       |     1 |       ||     1
 Stab: Sleeping          |     4 |       |       ||     4
Armor: Animal skin       |     3 |       |       ||     3
       Ring mail         |    25 |    30 |       ||    55
       Chain mail        |       |       |    12 ||    12
Dodge: Dodged            |    57 |    96 |    20 ||   173
       Rpst.: Falchion   |    14 |    39 |       ||    53
       Long sword        |       |       |     6 ||     6

Table legend: (Time is in decaauts)
 A = Elapsed time spent in this place.
 B = Non-inter-level travel time spent in this place.
 C = Inter-level travel time spent in this place.
 D = Time resting spent in this place.
 E = Time spent auto-exploring this place.
 F = Levels seen in this place.
 G = Mean time per level.
                   A        B        C        D        E       F      G
               +--------+--------+--------+--------+--------+-----+--------+
         Total |   4031 |   3980 |     51 |   1026 |   1858 |   5 |  806.2 |
       Dungeon |   3201 |   3150 |     51 |    477 |   1858 |   4 |  800.2 |
         Sewer |    830 |    830 |      0 |    549 |      0 |   1 |  830.0 |
               +--------+--------+--------+--------+--------+-----+--------+

Top non-repeatable levels by time:
     D:3: 955 daAuts
     D:1: 903 daAuts
     D:2: 849 daAuts
   Sewer: 830 daAuts
     D:4: 493 daAuts
